 Dungeon Crawl Stone Soup version 0.22-a0-825-ga28c36f (webtiles) character file.

2565 iamserjio the Martial Artist (level 9, -6/75 HPs)
             Began as a Green Draconian Monk on July 24, 2018.
             Was a Believer of Cheibriados.
             Mangled by a troll (11 damage)
             ... on level 7 of the Dungeon.
             The game lasted 00:22:35 (2702 turns).

iamserjio the Martial Artist (Green Draconian Monk) Turns: 2702, Time: 00:22:35

Health: -6/75      AC:  7    Str: 22    XL:     9   Next: 31%
Magic:  12/12      EV: 13    Int: 19    God:    Cheibriados [**....]
Gold:   301        SH:  0    Dex: 19    Spells: 8/13 levels left

rFire    . . .     SeeInvis .     - Unarmed
rCold    . . .     Gourm    .   (no shield)
rNeg     . . .     Faith    .   (armour unavailable)
rPois    +         Spirit   .   r - +0 hat
rElec    .         Reflect  .   (no cloak)
rCorr    .         Harm     .   (no gloves)
MR       .....                  (no boots)
Stlth    +++.......             (no amulet)
HPRegen  0.22/turn              q - +4 ring of strength
MPRegen  0.13/turn              (no ring)

@: short of breath, very slow
A: breathe noxious fumes, unfitting armour, poison resistance, cold-blooded, AC
+7
a: Breathe Noxious Fumes, Bend Time, Renounce Religion


You were on level 7 of the Dungeon.
You worshipped Cheibriados.
Cheibriados was pleased with you.
You were not hungry.

You visited 2 branches of the dungeon, and saw 8 of its levels.

You collected 301 gold pieces.

Inventory:

Hand Weapons
 m - a +0 hunting sling
 o - a +0 blowgun
Missiles
 d - 6 sling bullets
 f - 85 stones (quivered)
 k - 108 arrows
 p - 7 poisoned needles
Armour
 r - a +0 hat (worn)
Jewellery
 q - a +4 ring of strength (left hand)
Wands
 h - a wand of paralysis (1)
 i - a wand of disintegration (8)
 v - a wand of clouds (5)
 w - a wand of enslavement (9)
Scrolls
 g - 5 scrolls of teleportation {unknown}
 j - 2 scrolls of immolation
 l - 4 scrolls of remove curse {@r2}
 t - a scroll of amnesia {unknown}
 y - a scroll of enchant weapon {unknown}
 A - 2 scrolls of random uselessness {unknown}
 C - a scroll of noise
 D - a scroll of blinking {unknown}
Potions
 b - 3 potions of curing {@q1}
 c - 3 potions of might
 e - a potion of heal wounds
 n - 3 potions of berserk rage
 s - a potion of magic {unknown}
 u - 2 potions of brilliance {unknown}
 x - a potion of haste {unknown}
 z - a potion of agility {unknown}
 B - a potion of flight {unknown}
Comestibles
 a - 17 rations


   Skills:
 + Level 5.8 Fighting
 - Level 2.6 Dodging
 - Level 3.4 Stealth
 * Level 10.3 Unarmed Combat
 + Level 2.5 Spellcasting
 * Level 4.3 Transmutations
 - Level 2.0 Poison Magic


You had 8 spell levels left.
You knew the following spells:

 Your Spells              Type           Power        Failure   Level  Hunger
a - Sticks to Snakes      Tmut           ###.....     4%          2    ##.....
b - Spider Form           Tmut/Pois      ##........   13%         3    ###....

Your spell library contained the following spells:

 Spells                   Type           Power        Failure   Level  Hunger
 Confuse                  Hex            #.......     43%         3    ###....
 Blade Hands              Tmut           ###.......   58%         5    ######.
 Ice Form                 Ice/Tmut       ##......     54%         4    #####..
 Confusing Touch          Hex            #.....       16%         1    #......
 Metabolic Englaciation   Hex/Ice        #.........   99%         5    ######.
 Petrify                  Tmut/Erth      ##......     54%         4    #####..
 Beastly Appendage        Tmut           ###...       2%          1    #......
 Gell's Gravitas          Tloc           #.........   43%         3    ###....
 Yara's Violent Unravell  Hex/Tmut       ##........   88%         5    ######.


Dungeon Overview and Level Annotations

Branches:
Dungeon (7/15)             Temple (1/1) D:6

Altars:
Ashenzari
Cheibriados
Dithmenos
Elyvilon
Fedhas
Gozag
Kikubaaqudgha
Makhleb
Nemelex Xobeh
Okawaru
Qazlal
Ru
Sif Muna
Trog
Uskayaw
Vehumet
Wu Jian
Xom
Zin
The Shining One


Innate Abilities, Weirdness & Mutations

You can breathe blasts of noxious fumes.
Your lurid green scales are hard. (AC +7)
You cannot fit into any form of body armour.
Your system is resistant to poisons. (rPois)
You are cold-blooded and may be slowed by cold attacks.


Message History

Press: ? - help, Shift-Dir - straight line, f/p - troll
Aim: a troll (chance to defeat MR: 46%)
The troll resists with some effort.
The troll bites you. The troll claws you. x2
Press: ? - help, Shift-Dir - straight line, f/p - troll
Aim: a troll You exhale a blast of noxious fumes.
The blast of choking fumes misses the troll.
You feel somewhat more hungry.
The troll is engulfed in noxious fumes.
The troll bites you!
* * * LOW HITPOINT WARNING * * *
The troll claws you!
* * * LOW HITPOINT WARNING * * *
The troll claws you but does no damage. The bullfrog closely misses you.
The bullfrog misses you.
You feel much better. The bullfrog hits you.
* * * LOW HITPOINT WARNING * * *
The troll bites you!
* * * LOW HITPOINT WARNING * * *
The troll claws you!
You die...

#.#####.#..#.######.#.....
#.......##.### #.#..###
#.########..# #.#..#
#.#### #....## #.##.#
#.##<# #.#.?.######.# .#
#.##.###............. .#
#......##.....<......
####.#.##........( #.#
#@F....... #.#.###T##..#+
#.#.....# #.#####.# #.#
#.# #.# #.# #.# #.#
#######.#####.#
#.............#


You could see a troll and a bullfrog.

Vanquished Creatures
  A two-headed ogre (D:7)
  An unseen horror (D:6)
  Edmund (D:5)
  2 phantoms
  An ogre (D:6)
  An orc warrior (D:6)
  A necrophage (D:2)
  A bullfrog (D:6)
  2 scorpions
  2 crimson imps
  4 orc priests
  A jelly (D:7)
  4 hounds
  4 orc wizards
  An iguana (D:7)
  2 worker ants
  3 gnolls (D:6)
  9 adders
  2 oozes
  An adder zombie (D:7)
  4 worms
  A dart slug (D:1)
  3 leopard geckos
  16 orcs
  A giant cockroach (D:4)
  4 goblins
  4 hobgoblins
  9 jackals
  10 kobolds
  A quokka (D:2)
  A ball python (D:3)
  3 bats
  3 frilled lizards
  A jackal skeleton (D:5)
  A jackal zombie (D:5)
  17 rats
123 creatures vanquished.

Notes
Turn   | Place    | Note
-------+----------+-------------------------------------------
     0 | D:1      | iamserjio the Draconian Monk began the quest for the Orb.
     0 | D:1      | Reached XP level 1. HP: 19/19 MP: 1/1
    54 | D:1      | Reached XP level 2. HP: 23/26 MP: 2/2
   259 | D:2      | Reached skill level 4 in Unarmed Combat
   343 | D:2      | Reached XP level 3. HP: 29/31 MP: 3/3
   379 | D:2      | Noticed a necrophage
   443 | D:2      | Killed a necrophage
   443 | D:2      | Reached skill level 5 in Unarmed Combat
   443 | D:2      | Reached XP level 4. HP: 23/37 MP: 4/4
   641 | D:3      | Reached XP level 5. HP: 34/44 MP: 5/5
   792 | D:3      | Reached skill level 6 in Unarmed Combat
   872 | D:3      | Found a glowing golden altar of the Shining One.
   982 | D:5      | Entered Level 5 of the Dungeon
  1218 | D:5      | Noticed Edmund
  1232 | D:5      | Reached XP level 6. HP: 30/50 MP: 6/6
  1243 | D:5      | Killed Edmund
  1243 | D:5      | Reached skill level 7 in Unarmed Combat
  1280 | D:5      | Reached skill level 8 in Unarmed Combat
  1290 | D:5      | Your scales start taking on a lurid green colour.
  1290 | D:5      | Reached XP level 7. HP: 16/56 MP: 7/7
  1290 | D:5      | Gained mutation: Your system is resistant to poisons. (rPois) [Green Draconian growth]
  1693 | D:4      | Noticed a dagger
  1693 | D:4      | Noticed a dagger
  1695 | D:4      | Found a hide-covered altar of Uskayaw.
  1902 | D:6      | Reached skill level 9 in Unarmed Combat
  1911 | D:6      | Reached XP level 8. HP: 26/66 MP: 8/8
  2010 | D:6      | Learned a level 2 spell: Sticks to Snakes
  2014 | D:6      | Learned a level 3 spell: Spider Form
  2038 | D:6      | Killed an unseen horror
  2038 | D:6      | Reached skill level 5 in Fighting
  2038 | D:6      | Reached skill level 1 in Spellcasting
  2171 | D:6      | Found a staircase to the Ecumenical Temple.
  2186 | Temple   | Entered the Ecumenical Temple
  2259 | Temple   | Became a worshipper of Cheibriados the Contemplative
  2259 | Temple   | Reached * piety under Cheibriados
  2259 | Temple   | Reached ** piety under Cheibriados
  2532 | D:7      | Noticed a two-headed ogre
  2548 | D:7      | Killed a two-headed ogre
  2548 | D:7      | Reached skill level 10 in Unarmed Combat
  2548 | D:7      | Reached XP level 9. HP: 47/74 MP: 10/12
  2613 | D:7      | Found a sacrificial altar of Ru.
  2615 | D:7      | Found a deep blue altar of Sif Muna.
  2694 | D:7      | Noticed a troll
  2700 | D:7      | HP: 2/74 [troll (8)]
  2702 | D:7      | Mangled by a troll

Vault maps used:
D:1:      erik_arrival_orb_chamber
D:2:      first_ration
D:3:      tso_altar, serial_park_tiny_1
D:4:      dancing_weapons_uskayaw
D:5:      kennysheep_generic_room_14, uniq_edmund
D:6:      minmay_temple_entry_junction_2
D:7:      nicolae_overflow_hidden_temple
Temple:   compressed_dpeg_circular_temple

Skill      XL: |  1  2  3  4  5  6  7  8 |
---------------+-------------------------+-----
Unarmed Combat | 4 5 6 8 9 10 | 10.3
Stealth        | 3 |  3.4
Fighting       | 4 5 |  5.8
Spellcasting   | 2 |  2.5
Transmutations | 4 |  4.3
Poison Magic   | 2 |  2.0
Dodging        | |  2.6

Action                   |  1- 3 |  4- 6 |  7- 9 || total
-------------------------+-------+-------+-------++-------
Melee: Unarmed           |    85 |   168 |   176 ||   429
       Tailslap          |     7 |    22 |    20 ||    49
       Punch             |     1 |     3 |     8 ||    12
 Fire: Hunting sling     |       |     4 |    15 ||    19
       Blowgun           |       |       |     9 ||     9
 Abil: Breathe Noxious F |       |       |     6 ||     6
Evoke: Wand              |     1 |     5 |     9 ||    15
  Use: Scroll            |       |       |     8 ||     8
       Potion            |       |       |     1 ||     1
 Stab: Sleeping          |     3 |     3 |     2 ||     8
       Paralysed         |       |     7 |     6 ||    13
       Confused          |       |       |     2 ||     2
  Eat: Chunk             |       |     1 |     6 ||     7
Armor: Skin              |    28 |    30 |    49 ||   107
Dodge: Dodged            |    50 |    73 |    95 ||   218

Table legend:
 A = Spawn XP
 B = Non-spawn XP
 C = Spawn XP percentage of total XP
 D = Spawn monster count
 E = Non-spawn monster count
 F = Spawn count percentage of total count
 G = Total turns spent on level
                    A         B        C        D         E        F      G
               +---------+---------+-------+---------+---------+-------+---------
         Total |       0 |    3665 |   0.0 |       0 |     123 |   0.0 |  2702
               +---------+---------+-------+---------+---------+-------+---------
           D:1 |       0 |      27 |   0.0 |       0 |      20 |   0.0 |   191
           D:2 |       0 |     154 |   0.0 |       0 |      12 |   0.0 |   381
           D:3 |       0 |      73 |   0.0 |       0 |      22 |   0.0 |   353
           D:4 |       0 |     198 |   0.0 |       0 |      19 |   0.0 |   426
           D:5 |       0 |     568 |   0.0 |       0 |      20 |   0.0 |   433
           D:6 |       0 |    1573 |   0.0 |       0 |      19 |   0.0 |   594
           D:7 |       0 |    1072 |   0.0 |       0 |      11 |   0.0 |   235
               +---------+---------+-------+---------+---------+-------+---------
